 Dungeon Crawl Stone Soup version 0.32-a0-468-g38b2580584 (webtiles) character file.

Game seed: 14853419817779962026

1463 Armakuni the Basher (level 8, -2/50 (60) HPs)
             Began as a Human Wanderer on Feb 24, 2024.
             Was a Believer of Beogh.
             Slain by a wight
             ... wielding a +3 spear
              (8 damage)
             ... on level 6 of the Dungeon.
             The game lasted 00:15:13 (6015 turns).

Armakuni the Basher (Human Wanderer)                Turns: 6015, Time: 00:15:13

HP:   -2/50 (60)    AC:  9    Str: 19    XL:     8   Next: 77%
MP:   10/10         EV: 10    Int:  9    God:    Beogh [**....]
Gold: 181           SH:  0    Dex: 12    Spells: 7/7 levels left

rFire   . . .        a - +2 mace
rCold   + . .        (no shield)
rNeg    . . .        c - +0 scale mail
rPois   .            b - +1 helmet
rElec   .            (no cloak)
rCorr   .            (no gloves)
SInv    .            (no boots)
Will    .....        (no amulet) Stlth
                     J - ring of protection from cold
HPRegen 0.28/turn    (no ring)
MPRegen 0.12/turn

%: no passive effects
@: heavily drained
A: explore regen
a: Renounce Religion, Smiting


You were on level 6 of the Dungeon.
You worshipped Beogh.
Beogh was pleased with you.
You visited 1 branch of the dungeon, and saw 6 of its levels.
You also visited: Ossuary.

You collected 217 gold pieces.
You spent 36 gold pieces at shops.

Inventory:

Hand Weapons
 a - a +2 mace (weapon)
 n - a +0 flail
Armour
 b - a +1 helmet (worn)
 c - a +0 scale mail (worn)
Magical Staves
 i - a staff of cold
Jewellery
 e - a ring of ice
 J - a ring of protection from cold (left hand)
Wands
 l - a wand of mindburst (1)
Scrolls
 f - 2 scrolls of teleportation
 j - 2 scrolls of vulnerability
 o - a scroll of blinking
 q - a scroll of fear {unknown}
 r - a scroll of enchant armour {unknown}
 s - a scroll of identify
Potions
 d - a potion of curing
 g - a potion of enlightenment
 h - 4 potions of haste
 k - 2 potions of brilliance
 m - a potion of magic {unknown}
 p - a potion of might {unknown}


   Skills:
 - Level 4.0 Fighting
 - Level 10.0 Maces & Flails
 - Level 5.0 Armour
 - Level 1.0 Dodging
 + Level 3.5 Invocations


You had 7 spell levels left.
You didn't know any spells.
Your spell library contained the following spells:

 Spells                   Type           Power      Damage    Failure   Level
 Dazzling Flash           Conj/Hex       0%         N/A       98%         3
 Mephitic Cloud           Conj/Alch/Air  0%         N/A       98%         3
 Volatile Blastmotes      Fire/Tloc      0%         2d10      98%         3
 Fulminant Prism          Conj/Alch      0%         3d5       100%        4
 Iskenderun's Mystic Bla  Conj/Tloc      0%         2d3       100%        4
 Curse of Agony           Necr           0%         N/A       100%        5
 Silence                  Hex/Air        0%         N/A       100%        5


Dungeon Overview and Level Annotations

Branches:
Dungeon (6/15)            Ossuary (visited)
 Temple: D:4-7

Altars:
Ru

Shops:
D:1 !


Innate Abilities, Weirdness & Mutations

Your facial features look somewhat orcish.
You regain HP and MP as you explore.


Message History

The wight is severely damaged.
You barely miss the wight.
The wight is severely damaged.
The wight hits you with a +3 spear.
* * * LOW HITPOINT WARNING * * *
You feel drained.
* * * LOW HITPOINT WARNING * * *
You closely miss the wight.
The wight is severely damaged.
The wight barely misses you.
You barely miss the wight.
The wight is severely damaged.
The wight hits you with a +3 spear!
* * * LOW HITPOINT WARNING * * *
You feel better. The wight hits you with a +3 spear.
* * * LOW HITPOINT WARNING * * *
You feel drained.
* * * LOW HITPOINT WARNING * * *
You feel better. The wight hits you with a +3 spear.
* * * LOW HITPOINT WARNING * * *
Aiming: Mindburst
Press: ? - help, Shift-Dir - straight line, f - wight
Aim: a wight, wielding a +3 spear and wearing a +0 robe (severely damaged, chance to affect: 64%)
The wight struggles to resist.
The wight hits you with a +3 spear.
* * * LOW HITPOINT WARNING * * *
Aiming: Mindburst
Press: ? - help, Shift-Dir - straight line, f/p - wight
Aim: a wight, wielding a +3 spear and wearing a +0 robe (severely damaged, chance to affect: 64%)
The wight struggles to resist.
The wight hits you with a +3 spear.
* * * LOW HITPOINT WARNING * * *
Aiming: Mindburst
Press: ? - help, Shift-Dir - straight line, f/p - wight
Aim: a wight, wielding a +3 spear and wearing a +0 robe (severely damaged, chance to affect: 64%)
The wight struggles to resist.
The wight closely misses you.
You feel better. The wight hits you with a +3 spear.
* * * LOW HITPOINT WARNING * * *
You completely miss the wight.
The wight is severely damaged.
The wight hits you with a +3 spear!
You die...

#....##....#....##...
#######.##†#......[..
+.+ #.......####...
#.# #.#............
+.+ #.#.##.####....
#.# #.#.#### ##..#
+.+ #.#.# #...
#.###.#.# #...
+.@z#...# #...
###.####.## ####
#.'.'.##.# ###.####.#
#.'.'.##.# ###.####.#
#'####.# #.#ß##.#
#......#


You could see a wight.

Vanquished Creatures
  A black bear (D:4)
  A weeping skull (Ossuary)
  3 scorpions
  8 water moccasin zombies (Ossuary)
  2 bombardier beetles
  3 bullfrog zombies (D:6)
  2 orc priests
  A spectral scorpion (Ossuary)
  Terence (D:3)
  An orc wizard (D:3)
  Natasha (twice) (D:3)
  A killer bee zombie (D:6)
  2 crocodile zombies (Ossuary)
  2 mummies (Ossuary)
  Robin (D:4)
  9 adders
  4 ufetubi (D:6)
  4 adder zombies (Ossuary)
  2 dart slugs
  2 ribbon worms
  12 orcs
  3 bats
  4 endoplasms (D:1)
  5 giant cockroaches
  5 gnoll zombies (Ossuary)
  21 goblins
  9 hobgoblins
  5 quokkas
  6 ball pythons
  4 frilled lizards
  5 jackal zombies (Ossuary)
  5 kobolds
  3 orc zombies (Ossuary)
  3 rats
142 creatures vanquished.

Vanquished Creatures (others)
  2 orcs (D:5)
2 creatures vanquished.

Grand Total: 144 creatures vanquished

Notes
Turn   | Place    | Note
-------+----------+-------------------------------------------
     0 | D:1      | Armakuni the Human Wanderer began the quest for the Orb.
     0 | D:1      | Armakuni set off with the following items: a +2 mace, a
                  | potion of lignification, a +0 scale mail, a potion of
                  | berserk rage.
     0 | D:1      | Reached XP level 1. HP: 13/13 MP: 1/1
    92 | D:1      | Reached skill level 1 in Fighting
   154 | D:1      | Reached XP level 2. HP: 21/21 MP: 2/2
   405 | D:1      | Reached XP level 3. HP: 28/28 MP: 3/3
   477 | D:1      | Found a faded altar of an unknown god.
   537 | D:1      | Found Zaeriefi's Distillery.
   603 | D:1      | Bought a potion of curing for 36 gold pieces
  1150 | D:2      | Reached XP level 4. HP: 22/36 MP: 4/4
  1368 | D:2      | Found a sacrificial altar of Ru.
  2388 | D:3      | Reached XP level 5. HP: 25/42 MP: 5/5
  2388 | D:3      | Became a worshipper of Beogh the Shepherd
  2595 | D:3      | Noticed Terence
  2603 | D:3      | Killed Terence
  2853 | D:3      | Noticed Natasha
  2868 | D:3      | Killed Natasha
  2869 | D:3      | Reached skill level 5 in Maces & Flails
  3242 | D:4      | Noticed an ogre
  3404 | D:4      | Reached * piety under Beogh
  3529 | D:4      | Reached XP level 6. HP: 40/48 MP: 6/6
  3657 | D:4      | Reached skill level 6 in Maces & Flails
  3773 | D:4      | Noticed a black bear
  3776 | D:4      | Noticed Robin
  3810 | D:4      | Killed Robin
  3824 | D:4      | Killed a black bear
  4101 | D:3      | Noticed Natasha
  4109 | D:3      | Killed Natasha
  4110 | D:3      | Reached skill level 7 in Maces & Flails
  4110 | D:3      | Reached XP level 7. HP: 39/54 MP: 7/7
  4428 | D:5      | Entered Level 5 of the Dungeon
  4983 | D:6      | Found a sand-covered staircase.
  5029 | Ossuary  | Entered an ossuary
  5092 | Ossuary  | Reached ** piety under Beogh
  5155 | Ossuary  | Reached skill level 8 in Maces & Flails
  5246 | Ossuary  | Reached XP level 8. HP: 32/60 MP: 8/8
  5358 | Ossuary  | Reached skill level 9 in Maces & Flails
  5736 | D:6      | Reached skill level 10 in Maces & Flails
  5736 | D:6      | Reached skill level 1 in Invocations
  6009 | D:6      | HP: 2/52 [wight/+3 spear (6)]
  6015 | D:6      | Slain by a wight

Illustrated notes

Levels and vault maps discovered:
D:1:      sevenhm_arrival_forest_fort_small_4, layout_basic,
          ebering_ecumenical_altar_mist, serial_bayou, serial_bayou_pond_e,
          serial_bayou_pond_b, serial_bayou_pond_e, serial_bayou_pond_c,
          serial_shops, nicolae_shop_just_a_little_nook
D:2:      layout_basic, serial_forest, infiniplex_forest_straight_1,
          infiniplex_forest_clump_cross, infiniplex_forest_clump_small,
          infiniplex_forest_end_3, infiniplex_forest_corner_1,
          infiniplex_forest_clump_curved, infiniplex_forest_lined_ring,
          infiniplex_forest_clump_small, infiniplex_forest_straight_2,
          basic_altar
D:3:      layout_basic, dk_noncrumbling_4, uniq_terence, uniq_natasha
D:4:      layout_basic, uniq_robin
D:5:      layout_basic, hex_large, nicolae_nh_ransacked_shop
D:6:      layout_rooms, lemuel_mausoleum_altar_yredelemnul,
          lightli_ossuary_entry_decrepit_ruins, nrook_mini_vaults,
          eino_tiny_chamber

Skill      XL: |  1  2  3  4  5  6  7  8 |
---------------+-------------------------+-----
Fighting       | 1 2 3 4 |  4.0
Maces & Flails | 5 7 8 10 | 10.0
Invocations    | 3 |  3.5
Armour         | |  5.0
Dodging        | |  1.0

Action                     |  1- 3 |  4- 6 |  7- 9 || total
---------------------------+-------+-------+-------++-------
  Melee: Mace              |   129 |   338 |   338 ||   805
 Invoke: Convert to Beogh  |       |     1 |       ||     1
  Evoke: Wand              |       |       |     3 ||     3
    Use: Scroll            |     2 |     7 |     3 ||    12
         Potion            |     1 |     3 |     5 ||     9
 Armour: Scale mail        |   122 |    99 |   207 ||   428
         Skin              |       |    27 |       ||    27
  Dodge: Dodged            |    79 |    79 |   171 ||   329

Table legend: (Time is in decaauts)
 A = Elapsed time spent in this place.
 B = Non-inter-level travel time spent in this place.
 C = Inter-level travel time spent in this place.
 D = Time resting spent in this place.
 E = Time spent auto-exploring this place.
 F = Levels seen in this place.
 G = Mean time per level.
                   A        B        C        D        E       F      G
               +--------+--------+--------+--------+--------+-----+--------+
         Total |   6124 |   5891 |    233 |    682 |   3536 |   7 |  874.9 |
       Dungeon |   5538 |   5305 |    233 |    478 |   3427 |   6 |  923.0 |
       Ossuary |    586 |    586 |      0 |    204 |    109 |   1 |  586.0 |
               +--------+--------+--------+--------+--------+-----+--------+

Top non-repeatable levels by time:
     D:4: 1313 daAuts
     D:2: 1303 daAuts
     D:1: 1078 daAuts
     D:3: 1021 daAuts
 Ossuary: 586 daAuts
     D:6: 448 daAuts
     D:5: 372 daAuts
